 Dungeon Crawl Stone Soup version 0.22-a0-246-gdc04c06 (webtiles) character file.

3590 galech the Grappler (level 9, -6/93 HPs)
             Began as a Troll Monk on Feb 22, 2018.
             Was an Elder of Okawaru.
             Mangled by a yak (18 damage)
             ... on level 8 of the Dungeon.
             The game lasted 00:08:13 (5934 turns).

galech the Grappler (Troll Monk)                    Turns: 5934, Time: 00:08:13

Health: -6/93      AC:  8    Str: 24    XL:     9   Next: 85%
Magic:  8/8        EV: 13    Int:  6    God:    Okawaru [****..]
Gold:   402        SH:  0    Dex: 12    Spells: 8/8 levels left

rFire    . . .     SeeInvis .     - Unarmed
rCold    . . .     Gourm    +   (no shield)
rNeg     . . .     Faith    .   a - +0 robe
rPois    .         Spirit   .   B - +2 hat
rElec    .         Reflect  .   n - +0 cloak
rCorr    .         Harm     .   (gloves unavailable)
MR       .....                  (boots unavailable)
Stlth    ++........             k - amulet of rage
HPRegen  0.65/turn              j - +3 ring of slaying
MPRegen  0.11/turn              (no ring)

@: no status effects
A: large, unfitting armour, claws 3, fast metabolism 3, gourmand, regeneration
1, shaggy fur 1, tough skin 2
a: Heroism, Renounce Religion, Evoke Berserk Rage


You were on level 8 of the Dungeon.
You worshipped Okawaru.
Okawaru was greatly pleased with you.
You were not hungry.

You visited 2 branches of the dungeon, and saw 9 of its levels.

You collected 402 gold pieces.

Inventory:

Armour
 a - a +0 robe (worn)
 n - a +0 cloak (worn)
 B - a +2 hat (worn)
Jewellery
 j - a +3 ring of slaying (left claw)
 k - an amulet of rage (around neck)
Wands
 s - a wand of iceblast (29)
 t - a wand of clouds (2)
Scrolls
 c - 12 scrolls of identify {unknown}
 d - 5 scrolls of remove curse {unknown}
 p - a scroll of amnesia {unknown}
 q - 2 scrolls of immolation {unknown}
 r - 3 scrolls of teleportation {unknown}
 u - a scroll of noise {unknown}
 w - a scroll of fog {unknown}
 y - a scroll of random uselessness {unknown}
 z - a scroll of fear {unknown}
 A - a scroll of silence {unknown}
Potions
 e - a potion of haste {unknown}
 f - 2 potions of agility {unknown}
 g - 2 potions of ambrosia {unknown}
 h - a potion of flight {unknown}
 i - 3 potions of lignification {unknown}
 l - a potion of mutation {unknown}
 m - a potion of invisibility {unknown}
 o - 4 potions of might {unknown}
 v - 2 potions of curing {unknown}
 x - a potion of resistance {unknown}
Comestibles
 b - 11 rations


   Skills:
 + Level 7.1 Fighting
 + Level 7.2 Dodging
 - Level 1.3 Stealth
 + Level 8.9 Unarmed Combat


You had 8 spell levels left.
You didn't know any spells.

Dungeon Overview and Level Annotations

Branches:
Dungeon (8/15)             Temple (1/1) D:4
   Lair: D:8-11

Altars:
Ashenzari
Dithmenos
Elyvilon
Fedhas
Gozag
Hepliaklqana
Kikubaaqudgha
Makhleb
Nemelex Xobeh
Okawaru
Ru
Sif Muna
Trog
Uskayaw
Wu Jian
Xom
Zin
The Shining One


Innate Abilities, Weirdness & Mutations

You are too large for most types of armour.
You have claws for hands.
Your metabolism is lightning-fast.
You like to eat raw meat.
Your natural rate of healing is unusually fast.
You are covered in fur. (AC +1)
You have very tough skin. (AC +2)


Message History

The two-headed ogre closely misses you.
The two-headed ogre hits you but does no damage.
The crimson imp hits you but does no damage.
You claw the two-headed ogre!
The two-headed ogre is moderately wounded.
The crimson imp blinks!
The two-headed ogre hits you with a giant spiked club!
* * * LOW HITPOINT WARNING * * *
The two-headed ogre closely misses you.
You mangle the two-headed ogre!! You claw the two-headed ogre!
The two-headed ogre is almost dead.
You scratch the two-headed ogre.
The two-headed ogre is almost dead.
The yak closely misses you. The two-headed ogre misses you.
The two-headed ogre hits you with a giant spiked club!!
* * * LOW HITPOINT WARNING * * *
You feel like a meek peon again.
The bullfrog croaks.
The yak gores you!!
You die...

##.....#...........
##>.................
#...................
#...................
#.......................
#......................#
#...........<..........
#.....................##
##.........F@..........#
.P
##.....#...Y..(......F#PP.
########............P...(
#O##...........?.P
#.##..........PPFP
#...#........P.P..
###.##.....<...PPF
#.##.#####P..PPP #.5.....#


.PP.PP You could see a two-headed ogre, a yak and a bullfrog.

Vanquished Creatures
  Pikel (D:4)
  Eustachio (D:6)
  A hungry ghost (D:7)
  2 water moccasins
  Duvessa (D:6)
  2 sky beasts
  A phantom (D:6)
  4 ogres
  A centaur (D:6)
  5 bullfrogs
  3 scorpions
  Dowan (D:6)
  2 howler monkeys
  2 crimson imps
  A quasit (D:7)
  5 hounds
  8 orc priests
  Crazy Yiuf (D:3)
  A jelly (D:7)
  Ijyb (D:5)
  3 iguanas
  9 orc wizards
  A howler monkey skeleton (D:5)
  8 adders
  12 gnolls
  A shadow imp (D:6)
  An ooze (D:1)
  4 worms
  2 dart slugs
  8 leopard geckos
  34 orcs
  2 ball pythons
  4 giant cockroaches
  8 goblins
  5 hobgoblins
  2 jackals (D:3)
  3 quokkas
  6 bats
  4 frilled lizards
  8 kobolds
  A leopard gecko skeleton (D:4)
  A leopard gecko zombie (D:8)
  16 rats
187 creatures vanquished.

Vanquished Creatures (others)
  A quokka (D:5)
  A fungus (D:8)
2 creatures vanquished.

Grand Total: 189 creatures vanquished

Notes
Turn   | Place    | Note
-------+----------+-------------------------------------------
     0 | D:1      | galech the Troll Monk began the quest for the Orb.
     0 | D:1      | Reached XP level 1. HP: 22/22 MP: 0/0
   170 | D:1      | Reached XP level 2. HP: 29/29 MP: 1/1
   407 | D:1      | Reached XP level 3. HP: 35/36 MP: 2/2
  1017 | D:2      | Found a sparkling altar of Nemelex Xobeh.
  1018 | D:2      | Found an opulent altar of Gozag.
  1024 | D:2      | Reached skill level 4 in Unarmed Combat
  1024 | D:2      | Reached XP level 4. HP: 44/44 MP: 3/3
  1334 | D:2      | Reached XP level 5. HP: 49/53 MP: 4/4
  1638 | D:3      | Found a runed door.
  1642 | D:3      | Noticed Crazy Yiuf
  1647 | D:3      | Killed Crazy Yiuf
  1712 | D:3      | Reached XP level 6. HP: 58/61 MP: 5/5
  2077 | D:4      | Found a staircase to the Ecumenical Temple.
  2080 | D:4      | Reached skill level 5 in Unarmed Combat
  2112 | Temple   | Entered the Ecumenical Temple
  2123 | Temple   | Became a worshipper of Warmaster Okawaru
  2123 | Temple   | Reached * piety under Okawaru
  2123 | Temple   | Reached ** piety under Okawaru
  2233 | D:4      | Reached XP level 7. HP: 68/70 MP: 6/6
  2509 | D:4      | Found a bloodstained altar of Trog.
  2781 | D:5      | Entered Level 5 of the Dungeon
  2782 | D:5      | Noticed Pikel
  2804 | D:4      | Killed Pikel
  2804 | D:4      | Reached *** piety under Okawaru
  2804 | D:4      | Reached skill level 5 in Fighting
  2804 | D:4      | Reached skill level 5 in Dodging
  2804 | D:4      | Reached skill level 6 in Unarmed Combat
  2804 | D:4      | Reached XP level 8. HP: 10/80 MP: 4/7
  3067 | D:5      | Noticed Ijyb
  3074 | D:5      | Killed Ijyb
  3188 | D:5      | Found a shimmering altar of Xom.
  3192 | D:5      | Reached skill level 7 in Unarmed Combat
  3195 | D:5      | Found a shimmering altar of Xom.
  3195 | D:5      | Found a shimmering altar of Xom.
  3195 | D:5      | Found a shimmering altar of Xom.
  3195 | D:5      | Found a shimmering altar of Xom.
  3204 | D:5      | Found a shimmering altar of Xom.
  3204 | D:5      | Found a shimmering altar of Xom.
  3351 | D:5      | Found a white marble altar of Elyvilon.
  3353 | D:5      | Found a blossoming altar of Fedhas.
  3366 | D:5      | Found an ancient bone altar of Kikubaaqudgha.
  3375 | D:5      | Found a deep blue altar of Sif Muna.
  3375 | D:5      | Found a shimmering altar of Xom.
  3376 | D:5      | Found a shadowy altar of Dithmenos.
  3377 | D:5      | Found a bloodstained altar of Trog.
  3764 | D:6      | Reached XP level 9. HP: 71/89 MP: 8/8
  3896 | D:6      | Found a white marble altar of Elyvilon.
  3903 | D:6      | Noticed Duvessa
  3903 | D:6      | Noticed Dowan
  3911 | D:6      | Killed Dowan
  3917 | D:6      | Killed Duvessa
  4074 | D:6      | Reached skill level 8 in Unarmed Combat
  4084 | D:6      | HP: 2/92 [orc priest/divine providence (13)]
  4246 | D:6      | Noticed Eustachio
  4261 | D:6      | Killed Eustachio
  4261 | D:6      | Reached **** piety under Okawaru
  4521 | D:6      | Found an ornate altar of the Wu Jian Council.
  4523 | D:6      | Found a hide-covered altar of Uskayaw.
  4525 | D:6      | Found a shattered altar of Ashenzari.
  4528 | D:6      | Found a glowing golden altar of the Shining One.
  4577 | D:6      | Found an opulent altar of Gozag.
  5905 | D:8      | Noticed a two-headed ogre
  5934 | D:8      | Mangled by a yak

Vault maps used:
D:1:      lightli_arrival_flooded_house, minmay_pentomino_q4
D:2:      grunt_temple_overflow_opulence, kennysheep_generic_room_4
D:3:      uniq_crazy_yiuf_cottage
D:4:      minmay_temple_entry_grid, hex_tiny, trog_butcher_becter
D:5:      minitemple, first_ration, kennysheep_small_spiral,
          nicolae_xom_altar_mimics, uniq_pikel, uniq_ijyb
D:6:      overflow_temple_1_default, grunt_temple_overflow_open, basic_altar,
          grunt_gozag_statues, uniq_duvessa, uniq_eustachio
D:8:      due_lair_maze_entry_diamond, chequers_ossuary_entry_cave
Temple:   compressed_dpeg_triangle_lava_temple

Skill      XL: |  1  2  3  4  5  6  7  8  9 |
---------------+----------------------------+-----
Unarmed Combat | 4 5 6 7 8 |  8.9
Dodging        | 3 4 5 6 7 |  7.2
Fighting       | 3 4 5 6 7 |  7.1
Stealth        | |  1.3

Action                   |  1- 3 |  4- 6 |  7- 9 || total
-------------------------+-------+-------+-------++-------
Melee: Unarmed           |   109 |   109 |   284 ||   502
       Punch             |     1 |     2 |    11 ||    14
Invok: Heroism           |       |       |     4 ||     4
 Stab: Sleeping          |     5 |     2 |     3 ||    10
       Distracted        |       |       |     1 ||     1
  Eat: Chunk             |    15 |    11 |    33 ||    59
Armor: Robe              |    33 |    21 |    62 ||   116
Dodge: Dodged            |    54 |    51 |   142 ||   247

Table legend:
 A = Spawn XP
 B = Non-spawn XP
 C = Spawn XP percentage of total XP
 D = Spawn monster count
 E = Non-spawn monster count
 F = Spawn count percentage of total count
 G = Total turns spent on level
                    A         B        C        D         E        F      G
               +---------+---------+-------+---------+---------+-------+---------
         Total |       0 |    5129 |   0.0 |       0 |     187 |   0.0 |  5934
               +---------+---------+-------+---------+---------+-------+---------
           D:1 |       0 |      54 |   0.0 |       0 |      31 |   0.0 |   780
           D:2 |       0 |     149 |   0.0 |       0 |      28 |   0.0 |   615
           D:3 |       0 |     253 |   0.0 |       0 |      26 |   0.0 |   673
           D:4 |       0 |    1284 |   0.0 |       0 |      31 |   0.0 |   807
           D:5 |       0 |     614 |   0.0 |       0 |      17 |   0.0 |   767
           D:6 |       0 |    1616 |   0.0 |       0 |      36 |   0.0 |  1188
           D:7 |       0 |    1037 |   0.0 |       0 |      14 |   0.0 |  1015
           D:8 |       0 |     122 |   0.0 |       0 |       4 |   0.0 |    65
               +---------+---------+-------+---------+---------+-------+---------
